 Dungeon Crawl Stone Soup version 0.16.1-28-gcc2312f (webtiles) character file.

4972 Kidiri the Archer (level 10, -4/71 HPs)
             Began as a Halfling Hunter on May 28, 2015.
             Was an Elder of Dithmenos.
             Slain by a wolf (7 damage)
             ... in an ice cave.
             The game lasted 01:11:43 (11442 turns).

Kidiri the Archer (Halfling Hunter)                Turns: 11442, Time: 01:11:44

Health: -4/71      AC: 15    Str: 12    XL:     10   Next: 82%
Magic:  0/18       EV: 25    Int: 10    God:    Dithmenos [****..]
Gold:   39         SH:  0    Dex: 24    Spells: 2 memorised, 6 levels left

rFire  . . .     SeeInvis .     a - +3 short sword (protect)
rCold  . . .     Clarity  .     H - +1 steam dragon armour
rNeg   + . .     SustAb   +     (no shield)
rPois  .         Gourm    .     g - +2 helmet
rElec  .         Spirit   +     i - +0 cloak (curse)
rCorr  .         Warding  .     (no gloves)
rMut   .         Stasis   .     (no boots)
MR     .....                    u - amulet of guardian spirit
Stlth  +++++++++.               t - ring of sustain abilities (curse)
                                p - ring of positive energy

@: agile, very slightly contaminated, hasted, wreathed by umbra, very quick, not
resistant to hostile enchantments, incredibly stealthy
A: mutation resistance 1
a: Shadow Step, Renounce Religion


You were in an ice cave.
You worshipped Dithmenos.
Dithmenos was greatly pleased with you.
You were not hungry.

You visited 3 branches of the dungeon, and saw 10 of its levels.
You also visited: Ice Cave.

You collected 284 gold pieces.
You spent 245 gold pieces at shops.

Inventory:

Hand weapons
 a - a +3 short sword of protection (weapon)
 b - a +3 shortbow
 n - a +3 quarterstaff of chaos
 D - a +0 mace of protection
 F - a +2 dagger of electrocution
Missiles
 c - 31 arrows
 v - a silver tomahawk (quivered)
 E - 14 poisoned arrows
Armour
 g - a +2 helmet (worn)
 i - a cursed +0 cloak (worn)
 x - a +1 leather armour of magic resistance
 H - a +1 steam dragon armour (worn)
Jewellery
 j - the ring "Rarioff" {rC- Str+2 Int+6 Stlth+}
   (You took it off a gnoll on level 7 of the Dungeon)

   [ring of stealth]

   It affects your strength (+2).
   It affects your intelligence (+6).
   It makes you vulnerable to cold.
   It makes you more stealthy.
 p - a ring of positive energy (left hand)
 s - an uncursed ring of protection from fire {unknown}
 t - a cursed ring of sustain abilities (right hand)
 u - an amulet of guardian spirit (around neck)
 A - an uncursed amulet of faith {unknown}
 J - an uncursed ring of flight
Magical devices
 C - a wand of slowing (41)
Scrolls
 I - a scroll of amnesia
Potions
 d - a potion of cure mutation {unknown}
 e - a potion of flight
 h - a potion of heal wounds {unknown}
 k - 2 potions of magic {unknown}
 m - a potion of resistance
 B - a potion of poison {unknown}
Books
 r - a book of Alchemy

   Spells                             Type                      Level
   a - Sublimation of Blood           Necromancy                   2
   b - Alistair's Intoxication        Transmutation/Poison         4
   c - Condensation Shield            Ice                          4
   d - Petrify                        Transmutation/Earth          4
   e - Ignite Poison                  Fire/Transmutation           5
   f - Irradiate                      Conjuration/Transmutation    5
 M - a book of Spatial Translocations

   Spells                             Type                      Level
   a - Apportation                    Translocation                1
   b - Blink                          Translocation                2
   c - Shroud of Golubria             Charms/Translocation         2
   d - Portal Projectile              Translocation                3
   e - Teleport Other                 Translocation                3
   f - Passage of Golubria            Translocation                4
Comestibles
 f - 7 bread rations
 l - 2 beef jerkies
 o - 12 fruits
 G - 7 slices of pizza


   Skills:
 * Level 7.0 Fighting
 + Level 6.5 Short Blades
 * Level 10.0 Bows
 + Level 5.7 Dodging
 * Level 8.5 Stealth
 + Level 0.7 Translocations
 + Level 4.8 Invocations


You had 6 spell levels left.
You knew the following spells:

 Your Spells              Type           Power        Failure   Level  Hunger
a - Apportation           Tloc           #.........   30%         1    ##.....
b - Blink                 Tloc           N/A          47%         2    ###....


Dungeon Overview and Level Annotations

Branches:
Dungeon (8/15)             Temple (1/1) D:6            Lair (1/8) D:8

Altars:
Ashenzari
Cheibriados
Dithmenos
Elyvilon
Fedhas
Gozag
Kikubaaqudgha
Makhleb
Nemelex Xobeh
Okawaru
Qazlal
Ru
Sif Muna
Trog
Vehumet
Xom
Yredelemnul
Zin
The Shining One

Shops:
D:7 (   D:8 =


Innate Abilities, Weirdness & Mutations

You are small and have problems with some larger weapons.
You are somewhat resistant to further mutation.


Message History

You hit the wolf.
The wolf is moderately wounded.
The wolf closely misses you.
Read which item? (? for menu, Esc to quit)
Enchant which weapon? (? for menu, Esc to quit)
As you read the scroll of enchant weapon, it crumbles to dust.
Your +2 shortbow glows red for a moment.
The wolf completely misses you. The wolf misses you. The wolf misses you.
You hit the wolf.
The wolf is moderately wounded.
The wolf misses you.
You hit the wolf.
The wolf is moderately wounded.
The wolf misses you. The wolf completely misses you.
You hit the wolf.
The wolf is heavily wounded.
The wolf bites you.
* * * LOW HITPOINT WARNING * * *
The wolf bites you!
You die...

####
#.h##
#@h.#
##..##
#.∩.#
#.(.#
#...#
##...
...##
#..#
##.#


You could see 2 wolves.

Vanquished Creatures
  Grinder (D:5)
  Prince Ribbit (D:7)
  2 yaks
  A human (D:7)
  2 steam dragons
  Eustachio (D:6)
  A wolf (IceCv)
  Menkaure (D:7)
  2 orc warriors
  A porcupine (Lair:1)
  9 ice beasts
  An ogre (D:8)
  2 phantoms
  A water moccasin (D:8)
  3 centaurs
  A giant frog (D:6)
  Sigmund (D:5)
  Duvessa (D:7)
  2 scorpions
  10 killer bees
  A goliath beetle (D:7)
  Dowan (D:7)
  A crimson imp (D:6)
  A jelly (D:5)
  7 orc priests
  Crazy Yiuf (D:5)
  A gnoll shaman (D:7)
  6 hounds
  A centaur skeleton (D:7)
  2 giant frog skeletons (D:5)
  6 orc wizards
  A worker ant (D:8)
  Ijyb (D:4)
  3 sheep (D:7)
  A hound zombie (D:7)
  2 hound skeletons (D:8)
  A mummy (D:8)
  8 gnolls
  11 adders
  A shadow imp (D:7)
  2 worms
  An ufetubus (D:6)
  2 adder skeletons
  4 giant geckos
  An ooze (D:4)
  23 orcs
  A ball python (D:3)
  A bat skeleton (D:5)
  3 giant cockroaches
  9 hobgoblins
  5 jackals
  14 kobolds
  3 quokkas
  12 bats
  A giant gecko skeleton (D:6)
  4 giant gecko zombies
  7 giant newts
  17 goblins
  A jackal skeleton (D:5)
  17 rats
  A plant (D:5)
230 creatures vanquished.

Vanquished Creatures (others)
  A bat (D:4)
1 creature vanquished.

Grand Total: 231 creatures vanquished

Notes
Turn   | Place    | Note
--------------------------------------------------------------
     0 | D:1      | Kidiri, the Halfling Hunter, began the quest for the Orb.
     0 | D:1      | Reached XP level 1. HP: 14/14 MP: 1/1
   542 | D:1      | Reached skill level 5 in Bows
   542 | D:1      | Reached XP level 2. HP: 19/19 MP: 2/2
   726 | D:1      | Reached XP level 3. HP: 24/24 MP: 3/3
  1166 | D:2      | Reached XP level 4. HP: 29/29 MP: 4/4
  1424 | D:2      | Found a shadowy altar of Dithmenos.
  1436 | D:2      | Became a worshipper of Dithmenos the Shadowed
  1972 | D:3      | Noticed a centaur
  1982 | D:3      | Killed a centaur
  1982 | D:3      | Reached skill level 1 in Short Blades
  1982 | D:3      | Reached XP level 5. HP: 15/36 MP: 5/5
  2348 | D:3      | Found a deep blue altar of Sif Muna.
  2704 | D:3      | Reached XP level 6. HP: 42/42 MP: 6/6
  3112 | D:4      | Reached skill level 6 in Bows
  3112 | D:4      | Reached skill level 1 in Invocations
  3248 | D:4      | Found a white marble altar of Elyvilon.
  3708 | D:4      | Noticed Ijyb
  3713 | D:4      | Killed Ijyb
  4009 | D:4      | Reached XP level 7. HP: 40/46 MP: 8/8
  4293 | D:5      | Entered Level 5 of the Dungeon
  4462 | D:5      | Acquired Dithmenos' first power
  4501 | D:5      | Found a shimmering altar of Xom.
  4554 | D:5      | Found a basalt altar of Yredelemnul.
  4695 | D:5      | Noticed Sigmund
  4757 | D:5      | Killed Sigmund
  5034 | D:5      | Noticed Grinder
  5072 | D:5      | Killed Grinder
  5072 | D:5      | Reached skill level 7 in Bows
  5072 | D:5      | Reached XP level 8. HP: 47/54 MP: 10/10
  5079 | D:5      | Reached skill level 5 in Stealth
  5777 | D:5      | Noticed a steam dragon
  5778 | D:5      | Noticed a steam dragon
  6251 | D:5      | Noticed Crazy Yiuf
  6256 | D:5      | Killed Crazy Yiuf
  6623 | D:6      | Found a deep blue altar of Sif Muna.
  6669 | D:6      | Noticed Eustachio
  6688 | D:6      | Killed Eustachio
  6816 | D:6      | Found a staircase to the Ecumenical Temple.
  6944 | Temple   | Entered the Ecumenical Temple
  7155 | D:7      | Found Ipigiuf's Weapon Shoppe.
  7168 | D:6      | Reached skill level 5 in Fighting
  7168 | D:6      | Reached XP level 9. HP: 36/61 MP: 14/14
  7296 | D:6      | Reached skill level 8 in Bows
  7580 | D:7      | Acquired Dithmenos' second power
  7588 | D:7      | Noticed Dowan
  7592 | D:7      | Noticed Duvessa
  7613 | D:7      | Killed Duvessa
  7626 | D:7      | Killed Dowan
  7695 | D:7      | HP: 1/61 [something/ball of steam (14)]
  8075 | D:7      | Killed a steam dragon
  8255 | D:7      | Noticed Prince Ribbit
  8289 | D:7      | Reached skill level 5 in Short Blades
  8354 | D:7      | HP: 3/61 [poisoned by a killer bee]
  8364 | D:7      | HP: 3/61 [poisoned by a killer bee]
  8370 | D:7      | HP: 2/61 [poisoned by a killer bee]
  8375 | D:7      | HP: 2/61 [poisoned by a killer bee]
  8381 | D:7      | HP: 2/61 [poisoned by a killer bee]
  8925 | D:7      | Killed Prince Ribbit
  8925 | D:7      | Reached skill level 5 in Dodging
  8943 | D:7      | Got a shimmering pewter ring
  9391 | D:7      | Noticed Menkaure
  9395 | D:7      | Killed Menkaure
  9395 | D:7      | Reached skill level 9 in Bows
  9479 | D:7      | Reached XP level 10. HP: 58/68 MP: 15/17
 10181 | D:8      | Killed a steam dragon
 10183 | D:8      | Found a glowing silver altar of Zin.
 10209 | D:8      | Found Fotradauza's Jewellery Shoppe.
 10259 | D:8      | Bought an uncursed ring of flight for 245 gold pieces
 10644 | D:8      | Found a sparkling altar of Nemelex Xobeh.
 10717 | D:8      | Found a staircase to the Lair.
 10882 | D:8      | Found a stormy altar of Qazlal.
 10970 | D:8      | Learned a level 1 spell: Apportation
 11074 | D:8      | Identified the ring "Rarioff" {rC- Str+2 Int+6 Stlth+} (You took it off a gnoll on level 7 of the Dungeon)
 11171 | Lair:1   | Entered Level 1 of the Lair of Beasts
 11176 | Lair:1   | Learned a level 2 spell: Blink
 11219 | Lair:1   | Found a frozen archway.
 11328 | Lair:1   | Acquired Dithmenos' third power
 11388 | IceCv    | Entered an ice cave
 11423 | IceCv    | Reached skill level 10 in Bows
 11442 | IceCv    | HP: 3/71 [wolf (4)]
 11442 | IceCv    | Slain by a wolf

Action                   |  1- 3 |  4- 6 |  7- 9 | 10-12 || total
-------------------------+-------+-------+-------+-------++-------
Melee: Short sword       |    50 |       |   159 |   425 ||   634
       Dagger            |       |    20 |   146 |     7 ||   173
       Mace              |       |       |    87 |       ||    87
 Fire: Shortbow          |    57 |   161 |   273 |    91 ||   582
Evoke: Wand              |       |       |     3 |       ||     3
  Use: Scroll            |     3 |     2 |    12 |     8 ||    25
       Potion            |       |       |     7 |     2 ||     9
 Stab: Sleeping          |       |       |       |     1 ||     1
  Eat: Chunk             |       |     7 |     3 |     1 ||    11
       Beef jerky        |       |     1 |       |       ||     1
       Meat ration       |       |       |     2 |     1 ||     3
       Bread ration      |       |       |     2 |       ||     2
